Map: Terraform LE (Void)

Players

Tefel - Winner!

  • Race: Zerg Zerg
  • League: Grandmaster

TomikuS

  • Race: Zerg Zerg
  • League: Grandmaster

Event: Lycan League Weekly July #1

VOD

Have the link to the VOD?

Description

Time

  • Played on: July 20, 2015, 2:56 p.m.
  • Length: 5:57
Show
View Real Time Build Order
Export as new Build Order

Tefel Zerg - Winner!

Build Orders: Pool First 

Get SALT Encoding   

  12  0:00  Drone  
  13  0:08  Drone  
  14  0:17  Overlord  
  14  0:24  Drone, Extractor  
  15  0:36  Drone x2  
  17  0:45  Spawning Pool  
  17  0:49  Drone  
  17  0:54  Drone  
  18  1:12  Hatchery  
  18  1:15  Drone, Extractor  
  17  1:19  Drone  
  18  1:26  Drone  
  18  1:31  Queen  
  21  1:38  Drone  
  22  1:47  Overlord  
  22  1:58  Extractor  
  22  1:59  Drone  
  22  2:07  Queen  
  24  2:09  Drone  
  25  2:18  Metabolic Boost  
  25  2:20  Drone  
  26  2:25  Drone  
  27  2:32  Drone  
  27  2:35  Drone  
  29  2:39  Drone x3  
  29  2:40  Drone  
  29  2:43  Drone  
  34  2:46  Drone  
  35  2:54  Overlord, Spine Crawler  
  35  2:56  Drone  
  35  3:03  Roach Warren  
  34  3:06  Drone  
  34  3:12  Drone  
  32  3:17  Drone  
  32  3:18  Drone x2  
  35  3:20  Drone  
  35  3:22  Drone  
  35  3:25  Drone  
  38  3:28  Drone  
  38  3:32  Zergling x4  
  41  3:38  Overlord  
  41  3:39  Zergling x2  
  42  3:41  Zergling x2  
  42  3:44  Zergling x2  
  42  3:47  Overlord  
  44  3:51  Overlord  
  44  3:58  Roach x2  
  44  4:01  Roach  
  50  4:03  Roach  
  50  4:09  Roach x2  
  56  4:14  Roach x2  
  56  4:15  Roach  
  62  4:20  Overlord  
  62  4:22  Overlord  
  62  4:24  Ravager  
  63  4:25  Ravager x2  
  63  4:27  Ravager  
  63  4:29  Overlord  
  66  4:33  Roach  
  70  4:38  Roach x2  
  70  4:44  Zergling x6  
  75  4:47  Zergling x2  
  75  4:48  Zergling x4  
  75  4:50  Zergling x2  
  78  4:53  Zergling x2  
  78  4:55  Zergling x2  
  78  4:57  Zergling x2  
  79  5:01  Drone x2  
  79  5:04  Roach  
  79  5:06  Ravager x2  
  85  5:07  Ravager  
  85  5:10  Zergling x2  
  85  5:12  Zergling x2  
  81  5:26  Roach x3  
  81  5:27  Zergling x4  
  87  5:30  Zergling x2  
  87  5:31  Zergling x2  
  87  5:34  Zergling x2  
  84  5:39  Zergling x2  
Show
View Real Time Build Order
Export as new Build Order

TomikuS Zerg 

Build Orders: Pool First 

Get SALT Encoding   

  12  0:01  Drone  
  13  0:13  Overlord  
  13  0:19  Drone  
  14  0:32  Drone x2  
  16  0:37  Drone  
  17  0:45  Spawning Pool  
  17  0:49  Drone  
  17  0:57  Extractor  
  17  1:03  Drone  
  17  1:16  Hatchery  
  16  1:23  Overlord  
  16  1:29  Drone x2  
  18  1:40  Zergling x2  
  18  1:45  Queen  
  21  1:54  Baneling Nest  
  20  1:57  Drone  
  21  2:01  Drone  
  22  2:21  Queen  
  24  2:31  Drone x2  
  24  2:32  Drone  
  27  2:38  Baneling x2  
  27  2:46  Metabolic Boost  
  27  2:50  Drone x3  
  30  2:53  Spine Crawler  
  30  2:55  Drone  
  30  3:11  Drone x5  
  34  3:13  Zergling x2  
  35  3:20  Overlord  
  35  3:30  Overlord  
  35  3:41  Drone  
  35  3:44  Overlord  
  36  3:49  Baneling x2  
  36  3:50  Zergling x2  
  36  3:51  Zergling x12  
  43  4:01  Overlord  
  43  4:12  Zergling x2  
  43  4:13  Zergling x12  
  43  4:15  Baneling  
  43  4:16  Baneling  
  49  4:24  Hatchery, Zergling x2  
  48  4:25  Zergling x2  
  50  4:32  Overlord  
  49  4:50  Roach Warren  
  49  4:52  Drone x2, Extractor  
  47  4:53  Drone x4  
  48  5:04  Baneling x4  
  47  5:20  Spine Crawler  
  43  5:30  Roach x7  
  43  5:32  Roach x3, Zergling x4  
  63  5:36  Zergling x4  

Tags
 
Add a new tag
Caveats
  • Supply blocks, unpowered buildings, or Contaminate may cause inaccurate times.
  • Supply counts are checked every 10 seconds.